 Dungeon Crawl Stone Soup version 0.28.0-53-g5a82cb258f (webtiles) character file.

Game seed: 16578937633359891695

539 unlimited1921 the Magician (level 7, 0/45 HPs)
             Began as a Djinni Fire Elementalist on July 16, 2022.
             Shot with an arrow by a centaur (15 damage)
             ... on level 5 of the Dungeon.
             The game lasted 00:15:25 (6836 turns).

unlimited1921 the Magician (DjFE)                   Turns: 6836, Time: 00:15:26

Health: 0/45       AC:  6    Str:  7    XL:     7   Next: 51%
Gold:   174        EV: 13    Int: 21    God:
                   SH:  0    Dex: 14

rFire   + + .      SeeInvis .   u - +1 hand axe (venom)
rCold   x . .      Faith    .   (no shield)
rNeg    . . .      Spirit   .   a - +0 robe
rPois   ∞          Reflect  .   q - +2 helmet {Int+3}
rElec   .          Harm     .   o - +0 cloak
rCorr   .          Rampage  .   (no gloves)
Will    .....                   (boots unavailable)
Stlth   ++........              (no amulet)
HPRegen 0.15/turn               (no ring)
MPRegen 0.00/turn               (no ring)

@: flying
A: sickness immunity, fire resistance 2, cold vulnerability 1, float, innate
caster, HP casting, extra vitality 1
a: no special abilities


You were on level 5 of the Dungeon.
You visited 1 branch of the dungeon, and saw 5 of its levels.

You collected 174 gold pieces.

Inventory:

Hand Weapons
 c - a +0 dagger
 h - a +0 short sword
 u - a +1 hand axe of venom (weapon)
Missiles
 d - 71 stones
 k - 22 bolts
 p - 6 poisoned darts
Armour
 a - a +0 robe (worn)
 o - a +0 cloak (worn)
 q - a +2 helmet of intelligence (worn)
 r - a +0 ring mail
Wands
 y - a wand of digging (2)
Scrolls
 b - a scroll of fog {unknown}
 e - a scroll of torment {unknown}
 f - 2 scrolls of enchant armour {unknown}
 g - a scroll of vulnerability {unknown}
 l - 4 scrolls of identify {unknown}
 m - a scroll of magic mapping {unknown}
 n - 2 scrolls of teleportation {unknown}
 s - 2 scrolls of amnesia {unknown}
 v - a scroll of noise {unknown}
 w - a scroll of blinking {unknown}
Potions
 i - 4 potions of attraction {unknown}
 j - 4 potions of curing {unknown}
 t - 2 potions of lignification {unknown}
 x - a potion of heal wounds {unknown}


   Skills:
 + Level 3.1 Dodging
 + Level 2.8 Stealth
 + Level 5.6 Spellcasting


You couldn't memorise any spells.
You knew the following spells:

 Your Spells              Type           Power      Damage    Failure   Level
a - Foxfire               Conj/Fire      100%       2x1d9     1%          1
b - Scorch                Fire           58%        2d8       1%          2
c - Conjure Flame         Conj/Fire      29%        6-21      3%          3
d - Inner Flame           Hex/Fire       29%        N/A       3%          3
e - Flame Wave            Conj/Fire      29%        2d8       10%         4
f - Pain                  Necr           100%       1d9       1%          1
g - Corpse Rot            Necr/Air       58%        N/A       1%          2
h - Static Discharge      Conj/Air       29%        N/A       1%          2
Your spell library was empty.

Dungeon Overview and Level Annotations

Branches:
Dungeon (5/15)
 Temple: D:4-7

Altars:
Ashenzari
Kikubaaqudgha
Nemelex Xobeh
Trog
Uskayaw

Shops:
D:2 =(((:


Innate Abilities, Weirdness & Mutations

You are immune to sickness and miasma.
You are immune to poison.
Your flesh is very heat resistant. (rF++)
You are vulnerable to cold. (rC-)
You float through the air rather than walking.
You learn spells naturally, not from books.
Your magical power is your life essence.
You have superior vitality. (+4 MHP)


Message History

Press: ? - help, Dir - move target, f - centaur, p - black bear
Aim: a centaur, quivering arrows (asleep, chance to affect: 82%)
The centaur shouts!
The centaur is filled with an inner flame.
The centaur wields a +0 shortbow.
The centaur shoots an arrow.
The arrow hits you.
Casting: Inner Flame (dangerous; 3% risk of failure)
Confirm with . or Enter, or press ? or * to list all spells.
Flames lash the black bear.
Flame seeps out of the black bear.
The black bear is heavily wounded.
The black bear's fire resistance burns away.
You hear a shout!
A wyvern zombie comes into view.
The centaur shoots an arrow.
The arrow hits you.
An ufetubus comes into view.
The black bear is engulfed in blazing flames.
The black bear explodes!
The fiery explosion engulfs the wyvern zombie!!
The wyvern zombie is heavily damaged.
The wyvern zombie is engulfed in blazing flames.
Your foxfire dissipates!
The wyvern zombie is engulfed in blazing flames.
The wyvern zombie is engulfed in blazing flames.
You destroy the wyvern zombie!
Casting: Scorch (safe; 1% risk of failure)
Confirm with . or Enter, or press ? or * to list all spells.
Aiming: Inner Flame (dangerous; 3% risk of failure)
Press: ? - help, Dir - move target, f - ufetubus
Aim: an ufetubus (chance to affect: 88%)
The ufetubus is filled with an inner flame.
Casting: Inner Flame (dangerous; 3% risk of failure)
Confirm with . or Enter, or press ? or * to list all spells.
You conjure some foxfire!
The foxfire hits the ufetubus.
The ufetubus is burned terribly!
The ufetubus explodes!
Your foxfire dissipates!
The centaur shoots an arrow.
The arrow hits you.
The centaur shoots an arrow.
The arrow hits you!
You hear the slow rusting of a very distant drain.
The centaur shoots an arrow.
The arrow hits you!
You die...

#.# #.#
#c# #.##
#..####
#.....##.#
#.....##.#
#.....##^#
###.@###.#
##.# #.#
#.# #.#
#.###.#
#..##.#
##.##.#
#..#.#
##.#.#
#...#


You could see a centaur (inner flame).

Vanquished Creatures
  A black bear (D:5)
  A necrophage (D:4)
  A phantom (D:4)
  A wyvern zombie (D:5)
  A hound (D:4)
  A centaur skeleton (D:4)
  3 gnolls (D:4)
  6 adders
  An ufetubus (D:5)
  A worm (D:2)
  4 dart slugs
  3 orcs
  3 ball pythons
  6 endoplasms
  2 giant cockroaches (D:3)
  7 goblins
  3 hobgoblins
  9 kobolds
  3 quokkas
  3 bats
  2 frilled lizards
  7 rats
69 creatures vanquished.

Vanquished Creatures (collateral kills)
  11 foxfires
11 creatures vanquished.

Vanquished Creatures (others)
  272 foxfires
  12 plants
284 creatures vanquished.

Grand Total: 364 creatures vanquished

Notes
Turn   | Place    | Note
-------+----------+-------------------------------------------
     0 | D:1      | unlimited1921 the Djinni Fire Elementalist began the quest
                  | for the Orb.
     0 | D:1      | Reached XP level 1. HP: 15/15 MP: 0/0
   377 | D:1      | Found a faded altar of an unknown god.
   574 | D:1      | Reached XP level 2. HP: 20/21 MP: 0/0
  1246 | D:1      | Reached skill level 3 in Spellcasting
  1668 | D:1      | Reached XP level 3. HP: 21/25 MP: 0/0
  1668 | D:1      | Learned a level 1 spell: Pain
  2877 | D:2      | Reached XP level 4. HP: 21/31 MP: 0/0
  3077 | D:2      | Found Cidygg Zyuby's Antique Weapon Shoppe.
  3168 | D:2      | Found Zes Wulote's Book Boutique.
  3171 | D:2      | Found Arhyung's Weapon Boutique.
  3306 | D:2      | Found Ceoff's Antique Weapon Emporium.
  3477 | D:2      | Found Viebeuvu's Jewellery Shoppe.
  3993 | D:3      | Found a bloodstained altar of Trog.
  4993 | D:3      | Found a broken altar of Ashenzari.
  5357 | D:4      | Noticed a phantom
  5362 | D:4      | Killed a phantom
  5363 | D:4      | Reached skill level 4 in Spellcasting
  5363 | D:4      | Reached XP level 5. HP: 27/35 MP: 0/0
  5363 | D:4      | Learned a level 2 spell: Corpse Rot
  5871 | D:4      | Reached XP level 6. HP: 34/40 MP: 0/0
  6122 | D:4      | Found a hide-covered altar of Uskayaw.
  6122 | D:4      | Found a sparkling altar of Nemelex Xobeh.
  6606 | D:4      | Noticed a necrophage
  6612 | D:4      | Killed a necrophage
  6613 | D:4      | Reached skill level 5 in Spellcasting
  6613 | D:4      | Reached XP level 7. HP: 38/45 MP: 0/0
  6613 | D:4      | Learned a level 2 spell: Static Discharge
  6732 | D:5      | Entered Level 5 of the Dungeon
  6836 | D:5      | Shot with an arrow by a centaur

Illustrated notes

Levels and vault maps discovered:
D:1:      amcnicky_arrival_wind_blow, layout_loops_ring,
          chequers_ecumenical_altar_simple_redux
D:2:      layout_loops_cross, serial_shops, shop, shop,
          nicolae_shop_statue_plus, shop, nicolae_shop_stone,
          serial_bayou_pond_c, kennysheep_boxes
D:3:      layout_loops_corners, mainiacjoe_overflow_surrounded_room,
          cheibrodos_ashenzari_chains
D:4:      layout_cave_pools, mainiacjoe_overflow_alcove_2,
          gammafunk_temple_overflow_wave, serial_bayou_lagoon_b
D:5:      layout_basic, nicolae_yredelemnul_corpse_copse,
          cheibrodos_sewer_entry_bend, serial_shops, shop, nicolae_diamond_shop,
          uniq_menkaure

Skill      XL: |  1  2  3  4  5  6 |
---------------+-------------------+-----
Spellcasting   | 3 4 5 |  5.6
Stealth        | 2 |  2.8
Dodging        | 3 |  3.1

Action                   |  1- 3 |  4- 6 |  7- 9 || total
-------------------------+-------+-------+-------++-------
Melee: Dagger            |     1 |     5 |       ||     6
       Hand axe          |       |     1 |       ||     1
 Cast: Foxfire           |    61 |   109 |     5 ||   175
       Scorch            |     6 |     4 |     1 ||    11
       Inner Flame       |       |     4 |     3 ||     7
       Pain              |       |     1 |       ||     1
Armor: Robe              |     1 |     7 |       ||     8
Dodge: Dodged            |     6 |    17 |       ||    23
